 Dungeon Crawl Stone Soup version 0.31-a0-354-g827e0957a7 (webtiles) character file.

Game seed: 4016724452023957439

58 Essalna the Changeling (level 4, 0/33 HPs)
             Began as a Merfolk Shapeshifter on July 21, 2023.
             Slain by a frilled lizard (2 damage)
             ... on level 2 of the Dungeon on July 24, 2023.
             The game lasted 00:03:53 (1471 turns).

Essalna the Changeling (Merfolk Shapeshifter)       Turns: 1471, Time: 00:03:54

Health: 0/33       AC:  2    Str: 15    XL:     4   Next: 2%
Magic:  18/18      EV: 13    Int:  7    God:
Gold:   130        SH:  0    Dex: 16    Spells: 3/3 levels left

rFire   . .          .
                       - Unarmed
rCold   . . .        (no shield)
rNeg    . . .        a - +0 animal skin
rPois   .            (helmet currently unavailable)
rElec   .            (cloak currently unavailable)
rCorr   .            (gloves currently unavailable)
SInv    .            (boots currently unavailable)
Will    .....        i
                       - Hermit's Pendant {Faith Invo=14 Evo=0 MP+5}
Stlth   +            (no ring)
HPRegen 0.25/turn    (no ring)
MPRegen 0.16/turn

%: faith
@: beast-form
A: beast (slay +3), (nimble swimmer 2), mertail
a: Begin Untransformation


You were on level 2 of the Dungeon.
You were a hulking beast.
You visited 1 branch of the dungeon, and saw 2 of its levels.

You collected 130 gold pieces.

Inventory:

Armour
 a - a +0 animal skin (worn)
Jewellery
 h - a ring of fire
 i - the Hermit's Pendant (around neck) {Faith Invo=14 Evo=0 MP+5}
   (You found it on level 2 of the Dungeon)

   [amulet of faith]

   Invo=14: It sets your Invocations skill to 14.
   Evo=0: It sets your Evocations skill to 0.
   It allows you to gain divine favour quickly.
   MP:        It affects your magic capacity (+5).
Talismans
 c - a beast talisman
Scrolls
 f - a scroll of amnesia
 g - a scroll of brand weapon {unknown}
Potions
 b - 2 potions of lignification
 d - a potion of berserk rage {unknown}
 e - a potion of degeneration {unknown}


   Skills:
 + Level 2.2 Fighting
 + Level 3.5 Dodging
 + Level 3.8 Unarmed Combat
 + Level 4.5 Shapeshifting


You had 3 spell levels left.
You didn't know any spells.
Your spell library was empty.

Dungeon Overview and Level Annotations

Branches:
Dungeon (2/15)

Altars:


Innate Abilities, Weirdness & Mutations

You are a hulking beast.
Your limbs bulge with bestial killing power. (Slay +3)
((You are very nimble when in or above water. (Stealth+, EV+, Speed+++)))
Your lower body shifts to a powerful aquatic tail in water.


Message History

The frilled lizard bites you.
* * * LOW HITPOINT WARNING * * *
The frilled lizard hisses.
The frilled lizard barely misses you. The frilled lizard closely misses you.
The frilled lizard misses you. The frilled lizard barely misses you.
The frilled lizard barely misses you. The frilled lizard bites you.
* * * LOW HITPOINT WARNING * * *
The frilled lizard barely misses you.
The frilled lizard bites you but does no damage.
The frilled lizard barely misses you.
The frilled lizard bites you but does no damage.
The frilled lizard misses you. The frilled lizard misses you.
The frilled lizard closely misses you. The frilled lizard bites you.
The frilled lizard bites you.
* * * LOW HITPOINT WARNING * * *
The frilled lizard bites you.
* * * LOW HITPOINT WARNING * * *
The frilled lizard bites you.
* * * LOW HITPOINT WARNING * * *
The frilled lizard bites you.
* * * LOW HITPOINT WARNING * * *
The frilled lizard barely misses you.
The frilled lizard bites you but does no damage.
The frilled lizard bites you.
* * * LOW HITPOINT WARNING * * *
The frilled lizard closely misses you. The frilled lizard barely misses you.
The frilled lizard closely misses you. The frilled lizard bites you.
* * * LOW HITPOINT WARNING * * *
The frilled lizard closely misses you. The frilled lizard closely misses you.
The frilled lizard barely misses you. The frilled lizard bites you.
You die...

.....# #....#
#....# ##....+
.....# # #...#
.# +...##.#
#..h...#
.#.#.l#.#####
............#
#.#.....#.####
.....!...†.>#
..........##.#
.......#####.#
......# #.#
####. #.#


You could see a frilled lizard.

Vanquished Creatures
  2 adders (D:2)
  2 dart slugs (D:1)
  3 endoplasms (D:1)
  2 giant cockroaches
  4 goblins
  3 hobgoblins
  2 quokkas (D:1)
  5 ball pythons
  2 bats (D:1)
  2 frilled lizards (D:1)
  2 kobolds
  8 rats
37 creatures vanquished.

Notes
Turn   | Place    | Note
-------+----------+-------------------------------------------
     0 | D:1      | Essalna the Merfolk Shapeshifter began the quest for the
                  | Orb.
     0 | D:1      | Reached XP level 1. HP: 15/15 MP: 1/1
   292 | D:1      | Reached XP level 2. HP: 8/21 MP: 2/2
   693 | D:1      | Reached XP level 3. HP: 23/27 MP: 3/3
  1301 | D:2      | Found the Hermit's Pendant {Faith Invo=14 Evo=0 MP+5}
  1422 | D:2      | Reached XP level 4. HP: 12/33 MP: 13/13
  1425 | D:2      | Upgraded the game from 0.31-a0-343-g456c268693 to
                  | 0.31-a0-354-g827e0957a7
  1463 | D:2      | HP: 1/33 [frilled lizard (2)]
  1471 | D:2      | Slain by a frilled lizard

Illustrated notes

Levels and vault maps discovered:
D:1:      shiori_arrival_elements, layout_basic, serial_rivers,
          chequers_serial_rivers_micro_e, chequers_serial_rivers_micro_c,
          chequers_serial_rivers_micro_b, chequers_serial_rivers_micro_d,
          chequers_serial_rivers_room_a, chequers_serial_rivers_small_b
D:2:      layout_basic, serial_bayou_pond_b

Skill      XL: |  1  2  3 |
---------------+----------+-----
Dodging        | 3 |  3.5
Fighting       | 2 |  2.2
Unarmed Combat | |  3.8
Shapeshifting  | |  4.5

Action                     |  1- 3 |  4- 6 || total
---------------------------+-------+-------++-------
  Melee: Unarmed           |    85 |     1 ||    86
         Tailslap          |     1 |       ||     1
    Use: Scroll            |     2 |       ||     2
   Stab: Sleeping          |     1 |       ||     1
 Armour: Animal skin       |     7 |     3 ||    10
  Dodge: Dodged            |    55 |    26 ||    81

Table legend: (Time is in decaauts)
 A = Elapsed time spent in this place.
 B = Non-inter-level travel time spent in this place.
 C = Inter-level travel time spent in this place.
 D = Time resting spent in this place.
 E = Time spent auto-exploring this place.
 F = Levels seen in this place.
 G = Mean time per level.
                   A        B        C        D        E       F      G
               +--------+--------+--------+--------+--------+-----+--------+
         Total |   1458 |   1440 |     18 |      0 |   1164 |   2 |  729.0 |
       Dungeon |   1458 |   1440 |     18 |      0 |   1164 |   2 |  729.0 |
               +--------+--------+--------+--------+--------+-----+--------+

Top non-repeatable levels by time:
     D:1: 1051 daAuts
     D:2: 406 daAuts
